 Dungeon Crawl Stone Soup version 0.31-a0-995-g04711c9635 (webtiles) character file.

Game seed: 11353225616602243438

259 Pixllover the Chopper (level 6, -3/63 HPs)
             Began as an Ogre Gladiator on Nov 6, 2023.
             Killed from afar by Sigmund (6 damage)
             ... with a puff of flame
             ... on level 4 of the Dungeon.
             The game lasted 00:05:30 (3217 turns).

Pixllover the Chopper (Ogre Gladiator)              Turns: 3217, Time: 00:05:30

Health: -3/63      AC:  3    Str: 27      XL:     6   Next: 17%
Magic:  6/6        EV: 10    Int:  9      God:
Gold:   103        SH:  0    Dex:  7 (10) Spells: 5/5 levels left

rFire   . . .        a - +0 war axe
rCold   . . .        (no shield)
rNeg    . . .        b - +0 robe
rPois   .            c - +0 hat
rElec   .            (no cloak)
rCorr   .            (gloves unavailable)
SInv    .            (boots unavailable)
Will    .....        (no amulet)
Stlth   +            h - +6 ring of strength
HPRegen 0.30/turn    (no ring)
MPRegen 0.10/turn

%: no passive effects
@: mighty
A: large, unfitting armour, tough skin 1
a: no special abilities


You were on level 4 of the Dungeon.
You visited 1 branch of the dungeon, and saw 4 of its levels.

You collected 173 gold pieces.
You spent 70 gold pieces at shops.

Inventory:

Hand Weapons
 a - a +0 war axe (weapon)
Missiles
 d - 3 throwing nets (quivered)
 e - a large rock
 f - 17 poisoned darts
Armour
 b - a +0 robe (worn)
 c - a +0 hat (worn)
Jewellery
 h - a +6 ring of strength (left hand)
Wands
 k - a wand of paralysis (11)
 r - a wand of roots (12)
 s - a wand of flame (19)
Scrolls
 j - a scroll of amnesia
 n - a scroll of fear {unknown}
 p - a scroll of blinking {unknown}
 q - 2 scrolls of teleportation
 t - a scroll of identify
Potions
 l - a potion of might


   Skills:
 + Level 4.4 Fighting
 + Level 5.2 Axes
 + Level 2.0 Throwing
 + Level 3.8 Dodging
 + Level 0.1 Stealth


You had 5 spell levels left.
You didn't know any spells.
Your spell library contained the following spells:

 Spells                   Type           Power      Damage    Failure   Level
 Scorch                   Fire           0%         2d5       52%         2
 Flame Wave               Conj/Fire      0%         2d4       99%         4
 Summon Cactus Giant      Summ           0%         N/A       100%        6


Dungeon Overview and Level Annotations

Branches:
Dungeon (4/15)
 Temple: D:4-7

Altars:

Shops:
D:3 *

Annotations:
D:4 1 runed translucent door, Eustachio; Pixllover's ghost, novice HOMo; Sigmund


Innate Abilities, Weirdness & Mutations

You are too large for most types of armour.
You have tough skin. (AC +1)


Message History

Eustachio blinks!
You feel your dexterity returning.
You hit the quokka.
The quokka is moderately wounded.
The quokka bites you but does no damage.
You slash the quokka!
You kill the quokka!
Eustachio mumbles some strange words.
Eustachio blinks!
The goblin attacks as it pursues you! The goblin hits you with a +0 club.
* * * LOW HITPOINT WARNING * * *
Eustachio mumbles some strange words.
The goblin attacks as it pursues you! The goblin closely misses you.
You closely miss the goblin. The goblin completely misses you.
You barely miss the goblin.
A hobgoblin comes into view.
The goblin hits you with a +0 club.
* * * LOW HITPOINT WARNING * * *
The endoplasm freezes you.
You are frozen.
* * * LOW HITPOINT WARNING * * *
You feel better.
The goblin shoots a sling bullet.
The sling bullet hits you.
* * * LOW HITPOINT WARNING * * *
The endoplasm barely misses you.
You feel very mighty all of a sudden.
The ufetubus shouts!
You hear an angry hiss.
The goblin hits you but does no damage. The endoplasm barely misses you.
Unknown command.
You slice the goblin!!
You kill the goblin!
You slash the hobgoblin!
You kill the hobgoblin!
You slash the endoplasm!
You kill the endoplasm!
The goblin shoots a sling bullet.
The sling bullet hits you.
* * * LOW HITPOINT WARNING * * *
Sigmund points at you and mumbles some strange words.
The puff of flame hits you.
You die...
Sigmund begins carving another notch in his scythe.

............##.##........gJ#..g#
.(.##..#h#.........#..######.#$.l
#.....)..#.#.......#### # #.
####..)#.# #.#g.......#
###.g.###5..##.......
#######.....)@########.##
#..........#@g# ...
..............## ...
......†.....)@†# ..
...............#
...............###
.................#### #.#
..............##.#..# ..###.
..........######....# ..#...
#..........# #....# ##.....
#..........## #.#..###......
............. ##..#.......#


You could see Eustachio, Sigmund, an ufetubus (summoned), a hobgoblin and a
goblin.

Vanquished Creatures
  A hound (D:4)
  An orc priest (D:3)
  An iguana (D:4)
  8 adders
  3 shadow imps (D:3)
  6 orcs (D:3)
  5 ball pythons
  6 endoplasms
  5 giant cockroaches
  5 hobgoblins
  8 jackals
  A quokka (D:4)
  4 bats
  16 frilled lizards
  5 goblins
  7 kobolds
  5 rats
87 creatures vanquished.

Notes
Turn   | Place    | Note
-------+----------+-------------------------------------------
     0 | D:1      | Pixllover the Ogre Gladiator began the quest for the Orb.
     0 | D:1      | Reached XP level 1. HP: 22/22 MP: 1/1
    92 | D:1      | Reached XP level 2. HP: 26/29 MP: 2/2
   489 | D:1      | Reached XP level 3. HP: 35/37 MP: 3/3
  1508 | D:3      | Reached XP level 4. HP: 16/45 MP: 4/4
  1831 | D:3      | Reached skill level 4 in Axes
  1831 | D:3      | Found a transporter.
  1997 | D:3      | Found a transporter.
  2239 | D:3      | Found Gijena's General Store.
  2247 | D:3      | Bought a scroll of teleportation for 42 gold pieces
  2247 | D:3      | Bought a scroll of identify for 28 gold pieces
  2483 | D:3      | Reached XP level 5. HP: 54/54 MP: 5/5
  3033 | D:4      | Found a runed translucent door.
  3043 | D:4      | Noticed Pixllover's ghost (novice HOMo)
  3070 | D:4      | Reached skill level 5 in Axes
  3152 | D:4      | Reached XP level 6. HP: 46/62 MP: 6/6
  3161 | D:4      | Noticed Sigmund
  3164 | D:4      | Noticed Eustachio
  3217 | D:4      | HP: 3/63 [goblin/sling bullet (4)]
  3217 | D:4      | Killed from afar by Sigmund

Illustrated notes

Levels and vault maps discovered:
D:1:      elethiomel_arrival_quiet, layout_basic
D:2:      layout_basic
D:3:      gammafunk_wand_slinger, layout_basic, serial_shops,
          nicolae_shop_hallway_plus, minmay_lizard_king
D:4:      layout_rooms, serial_shops, shop, ebering_ghost_reflecting_pool,
          minmay_fractal_squares_5, uniq_eustachio, uniq_sigmund

Skill      XL: |  1  2  3  4  5 |
---------------+----------------+-----
Dodging        | 3 |  3.8
Fighting       | 3 4 |  4.4
Axes           | 4 5 |  5.2
Throwing       | |  2.0
Stealth        | |  0.1

Action                     |  1- 3 |  4- 6 || total
---------------------------+-------+-------++-------
  Melee: War axe           |   104 |   119 ||   223
         Punch             |     1 |       ||     1
    Use: Scroll            |       |     4 ||     4
         Potion            |       |     7 ||     7
   Stab: Sleeping          |     1 |       ||     1
 Armour: Robe              |    80 |   157 ||   237
  Dodge: Dodged            |    66 |   106 ||   172

Table legend: (Time is in decaauts)
 A = Elapsed time spent in this place.
 B = Non-inter-level travel time spent in this place.
 C = Inter-level travel time spent in this place.
 D = Time resting spent in this place.
 E = Time spent auto-exploring this place.
 F = Levels seen in this place.
 G = Mean time per level.
                   A        B        C        D        E       F      G
               +--------+--------+--------+--------+--------+-----+--------+
         Total |   3282 |   3145 |    137 |    239 |   2023 |   4 |  820.5 |
       Dungeon |   3282 |   3145 |    137 |    239 |   2023 |   4 |  820.5 |
               +--------+--------+--------+--------+--------+-----+--------+

Top non-repeatable levels by time:
     D:3: 1563 daAuts
     D:2: 775 daAuts
     D:1: 740 daAuts
     D:4: 202 daAuts
